 Dungeon Crawl Stone Soup version 0.28-a0-2-g643f2454ad (webtiles) character file.

Game seed: 14192156252725410480

878 robertstho the Chopper (level 7, -8/96 HPs)
             Began as a Minotaur Berserker on July 22, 2021.
             Was a Priest of Trog.
             Splashed by an acid dragon's acid (10 damage)
             ... on level 6 of the Dungeon.
             The game lasted 00:05:10 (3355 turns).

robertstho the Chopper (Minotaur Berserker)         Turns: 3355, Time: 00:05:10

Health: -8/96      AC: 15    Str: 24    XL:     7   Next: 75%
Magic:  0/2        EV:  2    Int: 10    God:    Trog [***...]
Gold:   122        SH:  0    Dex:  9    Spells: 6/6 levels left

rFire   . . .      SeeInvis .   r - +0 war axe (antimagic)
rCold   . . .      Faith    .   (no shield)
rNeg    + + +      Spirit   +   (armour currently unavailable)
rPois   +          Reflect  .   (helmet currently unavailable)
rElec   .          Harm     .   (cloak currently unavailable)
rCorr   .          Rampage  .   (gloves currently unavailable)
Will    ++...      NoTele   +   (boots currently unavailable)
Stlth   +.........              g - amulet of guardian spirit
HPRegen 1.26/turn               c - +6 ring of intelligence
MPRegen 0.08/turn               (no ring)

@: mighty, tree-form, strong-willed, corroded, on berserk cooldown,
regenerating, slowed, very slow
A: stationary, stasis, torment immunity, boosted hp, (horns 2), (retaliatory
headbutt)
a: Renounce Religion, Berserk, Trog's Hand


You were on level 6 of the Dungeon.
You worshipped Trog.
Trog was most pleased with you.
You were a tree.
You visited 1 branch of the dungeon, and saw 6 of its levels.

You collected 122 gold pieces.

Inventory:

Hand Weapons
 a - a +0 hand axe
 r - a +0 antimagic war axe (weapon)
Armour
 d - a +0 pair of boots (melded)
 s - a +0 chain mail (melded)
Jewellery
 c - a +6 ring of intelligence (left branch)
 g - an amulet of guardian spirit (around neck)
 q - a ring of ice
Wands
 p - a wand of mindburst (15)
Scrolls
 h - a scroll of blinking {unknown}
 j - 2 scrolls of vulnerability {unknown}
 k - a scroll of enchant weapon
 n - a scroll of fear {unknown}
Potions
 e - 2 potions of might
 f - a potion of heal wounds {unknown}
 i - 2 potions of cancellation
 l - a potion of curing {unknown}
 m - a potion of ambrosia {unknown}
 o - a potion of attraction {unknown}


   Skills:
 * Level 6.8 Fighting
 + Level 7.5 Axes
 * Level 4.8 Armour
 + Level 3.7 Dodging
 + Level 1.2 Stealth


You had 6 spell levels left.
You didn't know any spells.
Your spell library was empty.

Dungeon Overview and Level Annotations

Branches:
Dungeon (7/15)
 Temple: D:4-7

Altars:
Trog
Wu Jian


Innate Abilities, Weirdness & Mutations

You are a tree.
Your roots penetrate the ground, keeping you stationary.
You cannot be teleported.
You are immune to unholy pain and torment.
Your maximum health is greatly increased.
Your equipment is partially melded.
((You have a pair of horns on your head.))
((You reflexively headbutt those who attack you in melee.))


Message History

You slash the acid dragon! You headbutt the acid dragon.
The acid dragon is heavily wounded.
You closely miss the orc wizard.
The orc wizard hits you but does no damage.
The acid dragon bites you.
* * * LOW HITPOINT WARNING * * *
The acid dragon claws you but does no damage.
The orc wizard hits you but does no damage.
It was a potion of lignification.
You turn into a tree.
Your +0 pair of boots melds into your body.
Your +0 chain mail melds into your body.
Your roots penetrate the ground.
The acid dragon spits acid at you. The splash of acid hits you.
* * * LOW HITPOINT WARNING * * *
The acid corrodes you!
You are splashed with acid!
* * * LOW HITPOINT WARNING * * *
The orc wizard hits you with a +0 dagger.
* * * LOW HITPOINT WARNING * * *
The acid dragon bites you but does no damage.
The acid dragon claws you but does no damage.
The orc wizard hits you but does no damage.
Your skin crawls.
You feel strong-willed.
The acid dragon bites you but does no damage.
The acid dragon barely misses you.
The orc wizard points at you and mumbles some strange words.
The puff of flame hits you but does no damage.
Unknown command.
You barely miss the acid dragon.
The acid dragon is heavily wounded.
You closely miss the orc wizard.
The acid dragon bites you but does no damage.
The acid dragon claws you but does no damage.
The orc wizard hits you but does no damage.
The acid dragon spits acid at you. The splash of acid hits you!
* * * LOW HITPOINT WARNING * * *
The acid corrodes you!
You are splashed with acid!
You die...

##.###...#.#
#....^...(#
#####...###
##.## #.#
#.# #.##
#..# ####
##.# ##♣.#
#.# ##Do_#
#.# ##....#
#.# ##[..###
#.###...##
#..#...#∩#
#.....###..
#....## .o#
#.....## ##


You could see an acid dragon (catching breath) and an orc wizard.

Vanquished Creatures
  2 orc warriors
  A sky beast (D:7)
  A hornet zombie (D:7)
  An ogre (D:4)
  A centaur (D:7)
  A scorpion (D:6)
  A centaur skeleton (D:7)
  An orc priest (D:7)
  Jessica (D:3)
  3 orc wizards (D:7)
  6 adders
  A dart slug (D:2)
  8 orcs
  9 bats
  3 endoplasms
  A giant cockroach (D:1)
  A goblin (D:3)
  6 hobgoblins
  4 jackals (D:4)
  5 kobolds
  7 quokkas
  6 ball pythons
  14 frilled lizards
  4 rats
88 creatures vanquished.

Vanquished Creatures (others)
  4 plants (D:1)
4 creatures vanquished.

Grand Total: 92 creatures vanquished

Notes
Turn   | Place    | Note
-------+----------+-------------------------------------------
     0 | D:1      | robertstho the Minotaur Berserker began the quest for the
                  | Orb.
     0 | D:1      | Reached XP level 1. HP: 19/19 MP: 0/0
   446 | D:1      | Found a faded altar of an unknown god.
   504 | D:1      | Reached XP level 2. HP: 27/27 MP: 1/1
   744 | D:1      | Reached skill level 4 in Axes
   866 | D:2      | Reached XP level 3. HP: 23/33 MP: 2/2
   968 | D:2      | Reached ** piety under Trog
  1219 | D:2      | Reached XP level 4. HP: 39/41 MP: 3/3
  1917 | D:3      | Reached skill level 5 in Axes
  2155 | D:3      | Noticed Jessica
  2161 | D:3      | Killed Jessica
  2162 | D:3      | Reached XP level 5. HP: 43/47 MP: 4/4
  2492 | D:4      | Noticed an ogre
  2498 | D:4      | Killed an ogre
  2499 | D:4      | Reached skill level 5 in Fighting
  2720 | D:4      | You fall into a shaft and drop 3 floors!
  2724 | D:7      | Noticed a centaur
  2733 | D:7      | Killed a centaur
  2734 | D:7      | Reached XP level 6. HP: 33/56 MP: 2/5
  2865 | D:7      | Found an ornate altar of the Wu Jian Council.
  2904 | D:7      | Noticed an orc warrior
  2911 | D:7      | Reached skill level 6 in Axes
  2916 | D:7      | Killed an orc warrior
  2917 | D:7      | Reached skill level 1 in Stealth
  2917 | D:7      | Reached *** piety under Trog
  2922 | D:7      | Reached XP level 7. HP: 62/62 MP: 2/6
  3080 | D:7      | Reached skill level 7 in Axes
  3327 | D:6      | Found a bloodstained altar of Trog.
  3355 | D:6      | HP: 2/96 [acid dragon/splash of acid (11)]
  3355 | D:6      | Splashed by an acid dragon's acid

Illustrated notes

Levels and vault maps discovered:
D:1:      dpeg_arrival_snail, layout_basic, ebering_ecumenical_altar_petrified,
          ebering_dispersal_statue_hall, minmay_misc_feat_tiny,
          minmay_lizard_king
D:2:      layout_loops_ring, kennysheep_generic_room_2
D:3:      layout_basic, uniq_jessica
D:4:      layout_gridville, vehumet_statue, serial_shops, shop,
          corexii_hall_statues_x
D:6:      layout_loops_ring, nzn_overflow_gifts_of_might_and_magic,
          mainiacjoe_overflow_surrounded_room, chequers_mini_garden,
          uniq_sigmund
D:7:      layout_cave_pools, mainiacjoe_overflow_alcove_4,
          minmay_temple_entry_ruins, sigmund_army

Skill      XL: |  1  2  3  4  5  6  7 |
---------------+----------------------+-----
Fighting       | 4 5 6 |  6.8
Axes           | 4 5 6 7 |  7.5
Armour         | 3 4 |  4.8
Dodging        | 3 |  3.7
Stealth        | 1 |  1.2

Action                   |  1- 3 |  4- 6 |  7- 9 || total
-------------------------+-------+-------+-------++-------
Melee: Hand axe          |    73 |    93 |    43 ||   209
       Headbutt          |    14 |    15 |     8 ||    37
       War axe           |       |       |     2 ||     2
Invok: Berserk           |       |     2 |     3 ||     5
       Trog's Hand       |       |       |     1 ||     1
  Use: Scroll            |     3 |       |     2 ||     5
       Potion            |       |       |     2 ||     2
 Stab: Sleeping          |     1 |     1 |       ||     2
Armor: Animal skin       |    11 |    17 |       ||    28
       Scale mail        |       |    29 |       ||    29
       Chain mail        |       |       |    24 ||    24
       Skin              |       |       |     8 ||     8
Dodge: Dodged            |    49 |    59 |    10 ||   118

Table legend: (Time is in decaauts)
 A = Elapsed time spent in this place.
 B = Non-inter-level travel time spent in this place.
 C = Inter-level travel time spent in this place.
 D = Time resting spent in this place.
 E = Time spent auto-exploring this place.
 F = Levels seen in this place.
 G = Mean time per level.
                   A        B        C        D        E       F      G
               +--------+--------+--------+--------+--------+-----+--------+
         Total |   3394 |   3341 |     53 |    349 |   2458 |   6 |  565.7 |
       Dungeon |   3394 |   3341 |     53 |    349 |   2458 |   6 |  565.7 |
               +--------+--------+--------+--------+--------+-----+--------+

Top non-repeatable levels by time:
     D:2: 903 daAuts
     D:1: 866 daAuts
     D:3: 708 daAuts
     D:7: 535 daAuts
     D:4: 255 daAuts
     D:6: 124 daAuts
